Workbook
Name Article: #REF!
Name CFAP: #REF!
Name Niveau_scolaire: #REF!
Name Priorité: #REF!
Name Programme: #REF!
Name Structure: #REF!
Name Tableau: #REF!
Name Titre_dépense: #REF!

Sheet Planification
A1: Costing Exercise
B2: Structure d'activité | C2: 2016 | D2: T1 | E2: T2 | F2: T3 | G2: T4 | H2: 2017 | I2: 2018 | J2: Total 2016-2018
A3: Programme 1 Améliorer la conservation et la restauration des écosystèmes critiques, y compris par l'intégration et l'expansion du réseau national d'aires protégées | C3: =SUM(D3:G3) -> 250000 | D3: =D4 -> 55000 | E3: =E4 -> 60000 | F3: =F4 -> 50000 | G3: =G4 -> 85000 | H3: =H4 -> 680000 | I3: =I4 -> 430000 | J3: =C3+H3+I3 -> 1360000
A4: Sous-programme 1.1 Protection et réhabilitation des eaux intérieures | C4: =SUM(D4:G4) -> 250000 | D4: =D5 -> 55000 | E4: =E5 -> 60000 | F4: =F5 -> 50000 | G4: =G5 -> 85000 | H4: =H5 -> 680000 | I4: =I5 -> 430000 | J4: =C4+H4+I4 -> 1360000
A5: Action 1.1.1 Conservation et restauration des zones humides de basse et haute altitude d'importance critique | C5: =SUM(D5:G5) -> 250000 | D5: =SUM(D6:D12) -> 55000 | E5: =SUM(E6:E12) -> 60000 | F5: =SUM(F6:F12) -> 50000 | G5: =SUM(G6:G12) -> 85000 | H5: =SUM(H6:H12) -> 680000 | I5: =SUM(I6:I12) -> 430000 | J5: =C5+H5+I5 -> 1360000
B6: Inventorier et cartigraphier les zones à conserver et à restaurer | C6: =SUM(D6:G6) -> 100000 | D6: 50000 | E6: 25000 | F6: 25000 | J6: =C6+H6+I6 -> 100000
B7: identifier et analyser les moteurs de la dégradation | C7: =SUM(D7:G7) -> 50000 | E7: 30000 | F7: 20000 | J7: =C7+H7+I7 -> 50000
B8: Elaborer et mettre en oeuvre le plan d'aménagement et de gestion | C8: =SUM(D8:G8) -> 50000 | G8: 50000 | H8: 300000 | I8: 150000 | J8: =C8+H8+I8 -> 500000
B9: mener les activités restauration (amenagement des berges et vallées, profilage et dragauage des cours d'eau) | C9: =SUM(D9:G9) -> 0 | H9: 350000 | I9: 250000 | J9: =C9+H9+I9 -> 600000
B10: mettre en place un cadre de concertation des acteurs | C10: =SUM(D10:G10) -> 30000 | G10: 30000 | H10: 10000 | I10: 10000 | J10: =C10+H10+I10 -> 50000
B11: Suivi et évaluation | C11: =SUM(D11:G11) -> 20000 | D11: 5000 | E11: 5000 | F11: 5000 | G11: 5000 | H11: 20000 | I11: 20000 | J11: =C11+H11+I11 -> 60000
C12: =SUM(D12:G12) -> 0 | J12: =C12+H12+I12 -> 0

Sheet Coûts par catégories
A2: Décomposition des coûts par catégories
B3: 2016 | G3: 2017 | L3: 2018
A4: Catégories de dépenses | B4: Salaire | C4: Foncionnement | D4: Investissement | E4: Total | F4: Validation | G4: Salaire | H4: Foncionnement | I4: Investissement | J4: Total | K4: Validation | L4: Salaire | M4: Foncionnement | N4: Investissement | O4: Total | P4: Validation
A5: Total des dépenses | B5: =B6 -> 100000 | C5: =C6 -> 80000 | D5: =D6 -> 70000 | E5: =E6 -> 250000 | G5: =G6 -> 60000 | H5: =H6 -> 50000 | I5: =I6 -> 570000 | J5: =J6 -> 680000 | L5: =L6 -> 10000 | M5: =M6 -> 60000 | N5: =N6 -> 360000 | O5: =O6 -> 430000
A6: =Planification!A3 -> Programme 1 Améliorer la conservation et la restauration des écosystèmes critiques, y compris par l'intégration et l'expansion du réseau national d'aires protégées | B6: =B7 -> 100000 | C6: =C7 -> 80000 | D6: =D7 -> 70000 | E6: =Planification!C3 -> 250000 | F6: =IF((B6+C6+D6)=0,0,E6-SUM(B6:D6)) -> 0 | G6: =G7 -> 60000 | H6: =H7 -> 50000 | I6: =I7 -> 570000 | J6: =Planification!H3 -> 680000 | K6: =IF((G6+H6+I6)=0,0,J6-SUM(G6:I6)) -> 0 | L6: =L7 -> 10000 | M6: =M7 -> 60000 | N6: =N7 -> 360000 | O6: =Planification!I3 -> 430000 | P6: =IF((L6+M6+N6)=0,0,O6-SUM(L6:N6)) -> 0
A7: =Planification!A4 -> Sous-programme 1.1 Protection et réhabilitation des eaux intérieures | B7: =B8 -> 100000 | C7: =C8 -> 80000 | D7: =D8 -> 70000 | E7: =Planification!C4 -> 250000 | F7: =IF((B7+C7+D7)=0,0,E7-SUM(B7:D7)) -> 0 | G7: =G8 -> 60000 | H7: =H8 -> 50000 | I7: =I8 -> 570000 | J7: =Planification!H4 -> 680000 | K7: =IF((G7+H7+I7)=0,0,J7-SUM(G7:I7)) -> 0 | L7: =L8 -> 10000 | M7: =M8 -> 60000 | N7: =N8 -> 360000 | O7: =Planification!I4 -> 430000 | P7: =IF((L7+M7+N7)=0,0,O7-SUM(L7:N7)) -> 0
A8: =Planification!A5 -> Action 1.1.1 Conservation et restauration des zones humides de basse et haute altitude d'importance critique | B8: =SUM(B9:B15) -> 100000 | C8: =SUM(C9:C15) -> 80000 | D8: =SUM(D9:D15) -> 70000 | E8: =Planification!C5 -> 250000 | F8: =IF((B8+C8+D8)=0,0,E8-SUM(B8:D8)) -> 0 | G8: =SUM(G9:G15) -> 60000 | H8: =SUM(H9:H15) -> 50000 | I8: =SUM(I9:I15) -> 570000 | J8: =Planification!H5 -> 680000 | K8: =IF((G8+H8+I8)=0,0,J8-SUM(G8:I8)) -> 0 | L8: =SUM(L9:L15) -> 10000 | M8: =SUM(M9:M15) -> 60000 | N8: =SUM(N9:N15) -> 360000 | O8: =Planification!I5 -> 430000 | P8: =IF((L8+M8+N8)=0,0,O8-SUM(L8:N8)) -> 0
A9: =Planification!B6 -> Inventorier et cartigraphier les zones à conserver et à restaurer | B9: 20000 | C9: 10000 | D9: 70000 | E9: =Planification!C6 -> 100000 | F9: =IF((B9+C9+D9)=0,0,E9-SUM(B9:D9)) -> 0 | J9: =Planification!H6 -> 0 | K9: =IF((G9+H9+I9)=0,0,J9-SUM(G9:I9)) -> 0 | O9: =Planification!I6 -> 0 | P9: =IF((L9+M9+N9)=0,0,O9-SUM(L9:N9)) -> 0
A10: =Planification!B7 -> identifier et analyser les moteurs de la dégradation | B10: 35000 | C10: 15000 | E10: =Planification!C7 -> 50000 | F10: =IF((B10+C10+D10)=0,0,E10-SUM(B10:D10)) -> 0 | J10: =Planification!H7 -> 0 | K10: =IF((G10+H10+I10)=0,0,J10-SUM(G10:I10)) -> 0 | O10: =Planification!I7 -> 0 | P10: =IF((L10+M10+N10)=0,0,O10-SUM(L10:N10)) -> 0
A11: =Planification!B8 -> Elaborer et mettre en oeuvre le plan d'aménagement et de gestion | B11: 35000 | C11: 15000 | E11: =Planification!C8 -> 50000 | F11: =IF((B11+C11+D11)=0,0,E11-SUM(B11:D11)) -> 0 | G11: 25000 | H11: 15000 | I11: 260000 | J11: =Planification!H8 -> 300000 | K11: =IF((G11+H11+I11)=0,0,J11-SUM(G11:I11)) -> 0 | M11: 20000 | N11: 130000 | O11: =Planification!I8 -> 150000 | P11: =IF((L11+M11+N11)=0,0,O11-SUM(L11:N11)) -> 0
A12: =Planification!B9 -> mener les activités restauration (amenagement des berges et vallées, profilage et dragauage des cours d'eau) | E12: =Planification!C9 -> 0 | F12: =IF((B12+C12+D12)=0,0,E12-SUM(B12:D12)) -> 0 | G12: 25000 | H12: 15000 | I12: 310000 | J12: =Planification!H9 -> 350000 | K12: =IF((G12+H12+I12)=0,0,J12-SUM(G12:I12)) -> 0 | M12: 20000 | N12: 230000 | O12: =Planification!I9 -> 250000 | P12: =IF((L12+M12+N12)=0,0,O12-SUM(L12:N12)) -> 0
A13: =Planification!B10 -> mettre en place un cadre de concertation des acteurs | C13: 30000 | E13: =Planification!C10 -> 30000 | F13: =IF((B13+C13+D13)=0,0,E13-SUM(B13:D13)) -> 0 | H13: 10000 | J13: =Planification!H10 -> 10000 | K13: =IF((G13+H13+I13)=0,0,J13-SUM(G13:I13)) -> 0 | M13: 10000 | O13: =Planification!I10 -> 10000 | P13: =IF((L13+M13+N13)=0,0,O13-SUM(L13:N13)) -> 0
A14: =Planification!B11 -> Suivi et évaluation | B14: 10000 | C14: 10000 | E14: =Planification!C11 -> 20000 | F14: =IF((B14+C14+D14)=0,0,E14-SUM(B14:D14)) -> 0 | G14: 10000 | H14: 10000 | J14: =Planification!H11 -> 20000 | K14: =IF((G14+H14+I14)=0,0,J14-SUM(G14:I14)) -> 0 | L14: 10000 | M14: 10000 | O14: =Planification!I11 -> 20000 | P14: =IF((L14+M14+N14)=0,0,O14-SUM(L14:N14)) -> 0
A15: =Planification!B12 -> 0 | E15: =Planification!C12 -> 0 | F15: =IF((B15+C15+D15)=0,0,E15-SUM(B15:D15)) -> 0 | J15: =Planification!H12 -> 0 | K15: =IF((G15+H15+I15)=0,0,J15-SUM(G15:I15)) -> 0 | O15: =Planification!I12 -> 0 | P15: =IF((L15+M15+N15)=0,0,O15-SUM(L15:N15)) -> 0

Sheet Graphique
A1: 2 | B1: Dépenses par catégories pour 2016-2018
B3: Dépenses par catégories
B4: Catégories/années | C4: 2016 | D4: =C4+1 -> 2017 | E4: =D4+1 -> 2018 | F4: Total | G4: %
B5: ='Coûts par catégories'!B4 -> Salaire | C5: ='Coûts par catégories'!B5 -> 100000 | D5: ='Coûts par catégories'!G5 -> 60000 | E5: ='Coûts par catégories'!L5 -> 10000 | F5: =SUM(C5:E5) -> 170000 | G5: =F5/$F$8 -> 0.125
B6: ='Coûts par catégories'!C4 -> Foncionnement | C6: ='Coûts par catégories'!C5 -> 80000 | D6: ='Coûts par catégories'!H5 -> 50000 | E6: ='Coûts par catégories'!M5 -> 60000 | F6: =SUM(C6:E6) -> 190000 | G6: =F6/$F$8 -> 0.13970588
B7: ='Coûts par catégories'!D4 -> Investissement | C7: ='Coûts par catégories'!D5 -> 70000 | D7: ='Coûts par catégories'!I5 -> 570000 | E7: ='Coûts par catégories'!N5 -> 360000 | F7: =SUM(C7:E7) -> 1000000 | G7: =F7/$F$8 -> 0.73529412
B8: TOTAL dépenses | C8: =SUM(C5:C7) -> 250000 | D8: =SUM(D5:D7) -> 680000 | E8: =SUM(E5:E7) -> 430000 | F8: =SUM(F5:F7) -> 1360000 | G8: =F8/$F$8 -> 1
